 Dungeon Crawl Stone Soup version 0.24.1-1-gd1d2a07e1b (webtiles) character file.

Game seed: 7851879998956329640, levelgen mode: deterministic

1238 nightchill the Slasher (level 8, -2/61 HPs)
             Began as a Vampire Gladiator on Apr 9, 2020.
             Was a Believer of Kikubaaqudgha.
             Killed by divine providence
             ... invoked by an orc priest
              (14 damage)
             ... on level 6 of the Dungeon.
             The game lasted 00:15:16 (5487 turns).

nightchill the Slasher (Vampire Gladiator)          Turns: 5487, Time: 00:15:16

Health: -2/61      AC:  7    Str: 15    XL:     8   Next: 25%
Magic:  8/8        EV: 12    Int: 10    God:    Kikubaaqudgha [**....]
Gold:   285        SH:  0    Dex: 16    Spells: 7/7 levels left

rFire    . . .     SeeInvis +   a - +0 long sword
rCold    . . .     Gourm    .   (no shield)
rNeg     . . .     Faith    .   f - +0 ring mail
rPois    .         Spirit   .   c - +0 helmet
rElec    .         Reflect  .   (no cloak)
rCorr    .         Harm     .   j - +0 pair of gloves
MR       +....                  (no boots)
Stlth    +.........             (no amulet)
HPRegen  0.40/turn              x - ring of protection from magic
MPRegen  0.11/turn              (no ring)

@: regenerating quickly, hasted, very quick
A: no food, fangs 3, see invisible, unbreathing
a: Exsanguinate, Receive Corpses, Renounce Religion


You were on level 6 of the Dungeon.
You worshipped Kikubaaqudgha.
Kikubaaqudgha was pleased with you.
You were alive.

You visited 1 branch of the dungeon, and saw 6 of its levels.

You collected 285 gold pieces.

Inventory:

Hand Weapons
 a - a +0 long sword (weapon)
 n - a +0 hunting sling
 s - a +4 dagger
 z - the +6 whip of Kuc Asom {venom, -Tele Str+3 Int+3 Dex+2, unknown}
   (You found it on level 5 of the Dungeon)

   It poisons the flesh of those it strikes.
   It affects your strength (+3).
   It affects your intelligence (+3).
   It affects your dexterity (+2).
   It prevents most forms of teleportation.
Missiles
 d - a throwing net
 e - 147 stones (quivered)
 h - 2 atropa-tipped darts
 i - 78 sling bullets
 q - a boomerang
 u - 5 poisoned darts
Armour
 b - a +0 leather armour
 c - a +0 helmet (worn)
 f - a +0 ring mail (worn)
 j - a +0 pair of gloves (worn)
Jewellery
 x - a ring of protection from magic (left hand)
Scrolls
 g - a scroll of identify
 k - 3 scrolls of remove curse {unknown}
 o - 4 scrolls of teleportation {unknown}
 p - a scroll of enchant weapon {unknown}
 r - a scroll of fear {unknown}
 w - a scroll of magic mapping {unknown}
 y - a scroll of blinking {unknown}
Potions
 l - a potion of heal wounds
 t - a potion of agility
 v - 2 potions of flight


   Skills:
 + Level 4.8 Fighting
 * Level 7.8 Long Blades
 - Level 1.5 Throwing
 - Level 3.2 Dodging
 + Level 5.0 Necromancy


You had 7 spell levels left.
You didn't know any spells.
Your spell library contained the following spells:

 Spells                   Type           Power        Failure   Level  Hunger
 Pain                     Necr           ##..         10%         1    N/A
 Corpse Rot               Necr           N/A          14%         2    N/A
 Sublimation of Blood     Necr           ##........   14%         2    N/A
 Regeneration             Chrm/Necr      #.........   63%         3    N/A

Dungeon Overview and Level Annotations

Branches:
Dungeon (6/15)
 Temple: D:4-7

Altars:
Elyvilon
Gozag
Hepliaklqana
Kikubaaqudgha
Nemelex Xobeh
Okawaru
Uskayaw
Xom

Shops:
D:4 %   D:5 (

Annotations:
D:2 exclusion: downstairs


Innate Abilities, Weirdness & Mutations

You do not eat.
Your natural rate of healing is unusually fast.
You have razor-sharp teeth.
You have supernaturally acute eyesight. (SInv)
You can survive without breathing.


Message History

The orc warrior is heavily wounded.
The orc priest looks satisfied for a moment.
You hit the orc warrior but do no damage.
The orc warrior is heavily wounded.
The orc warrior closely misses you.
The orc priest invokes the aid of Beogh against you.
Beogh smites you!
* * * LOW HITPOINT WARNING * * *
You feel much better. The orc warrior misses you.
The orc priest looks satisfied for a moment.
You feel yourself speed up.
You slash the orc warrior!
The orc warrior is severely wounded.
The orc warrior barely misses you.
You completely miss the orc warrior. Your bite misses the orc warrior.
The orc warrior is severely wounded.
The orc priest calls down the wrath of Beogh upon you.
Beogh smites you!
You die...
Kikubaaqudgha rasps: "You have failed me!
Welcome... death!"

..# ..# ..# ### #
######### .# ........#
..#
#######.##########o..#
>...............@oo..+
#######.##########o..#
#.# ..# #.# .# #.# #
#.# #.# #.###########
#...........#


You could see an orc warrior, 2 orc priests and an orc.

Vanquished Creatures
  Menkaure (D:5)
  2 ice beasts
  2 necrophages (D:5)
  A hornet zombie (D:5)
  An ogre (D:3)
  A bullfrog (D:4)
  A crimson imp (D:5)
  3 orc priests
  A hound (D:5)
  A bullfrog skeleton (D:5)
  5 orc wizards
  A hound skeleton (D:4)
  3 gnolls (D:3)
  A howler monkey skeleton (D:4)
  4 adders
  A shadow imp (D:5)
  An adder skeleton (D:5)
  2 worms
  5 leopard geckos
  16 orcs
  7 bats
  6 giant cockroaches
  7 goblins
  11 hobgoblins
  3 jackals (D:2)
  A quokka (D:2)
  8 frilled lizards
  6 kobolds
  12 rats
114 creatures vanquished.

Notes
Turn   | Place    | Note
-------+----------+-------------------------------------------
     0 | D:1      | nightchill the Vampire Gladiator began the quest for the
                  | Orb.
     0 | D:1      | Reached XP level 1. HP: 16/16 MP: 1/1
   204 | D:1      | Reached XP level 2. HP: 22/22 MP: 2/2
   766 | D:1      | Reached XP level 3. HP: 27/27 MP: 3/3
  1067 | D:2      | Found an ancient bone altar of Kikubaaqudgha.
  1091 | D:2      | Became a worshipper of Kikubaaqudgha
  1409 | D:2      | Reached skill level 4 in Long Blades
  1672 | D:2      | Reached skill level 1 in Necromancy
  1890 | D:3      | Reached XP level 4. HP: 21/34 MP: 4/4
  2149 | D:3      | Reached * piety under Kikubaaqudgha
  2149 | D:3      | Identified Kikubaaqudgha's Guide on Sinister Rites
                  | (Kikubaaqudgha gifted it to you on level 3 of the Dungeon)
  2149 | D:3      | Received a gift from Kikubaaqudgha
  2215 | D:3      | Noticed an ogre
  2433 | D:3      | Reached XP level 5. HP: 40/40 MP: 5/5
  2439 | D:3      | Noticed an ogre
  2449 | D:3      | Killed an ogre
  2449 | D:3      | Reached skill level 5 in Long Blades
  2557 | D:3      | Reached XP level 6. HP: 10/47 MP: 6/6
  2779 | D:3      | Reached ** piety under Kikubaaqudgha
  3215 | D:4      | Found Horaurr's Food Emporium.
  3246 | D:4      | Found an iron altar of Okawaru.
  3247 | D:4      | Found a hide-covered altar of Uskayaw.
  3247 | D:4      | Found a white marble altar of Elyvilon.
  3248 | D:4      | Found a hazy altar of Hepliaklqana.
  3515 | D:4      | HP: 1/47 [orc priest/divine providence (13)]
  3516 | D:4      | Reached skill level 6 in Long Blades
  4178 | D:5      | Entered Level 5 of the Dungeon
  4178 | D:5      | Found a shimmering altar of Xom.
  4178 | D:5      | Noticed an ice beast
  4193 | D:4      | Killed an ice beast
  4193 | D:4      | Reached XP level 7. HP: 38/53 MP: 7/7
  4621 | D:5      | Found a sparkling altar of Nemelex Xobeh.
  4638 | D:5      | Found Voirio's Weapon Emporium.
  4680 | D:5      | Got a dazzling whip
  4725 | D:5      | Reached skill level 7 in Long Blades
  4956 | D:5      | Noticed Menkaure
  4963 | D:5      | Killed Menkaure
  4963 | D:5      | Reached XP level 8. HP: 32/57 MP: 8/8
  5354 | D:6      | Found an opulent altar of Gozag.
  5479 | D:6      | Reached skill level 5 in Necromancy
  5483 | D:6      | HP: 1/57 [orc priest/divine providence (13)]
  5487 | D:6      | Killed from afar by an orc priest

Levels and vault maps discovered:
D:1:      dpeg_arrival_prison, layout_basic
D:2:      layout_loops_corners, kiku_gazebo_pond_becter
D:3:      layout_basic, kennysheep_generic_room_10
D:4:      layout_rooms, chequers_temple_overflow_statue_of_worship,
          serial_co_window_serial, co_window_of_opportunity_a,
          co_window_cross_1, co_window_paths_b, co_window_corner_a,
          co_window_paths_a, co_window_cross_1, co_window_2corner,
          co_window_of_opportunity_b, co_window_of_opportunity_c,
          co_window_corner_cb, co_window_paths_c, co_window_paths_c,
          glass_columns_a, glass_columns_b, glass_columns_b, glass_columns_a,
          serial_shops, shop, minmay_misc_feat_room, kennysheep_generic_room_15
D:5:      layout_basic, overflow_temple_1_default, nemelex_altar_shiori,
          serial_shops, shop_statue, first_ration, nrook_campfire, uniq_menkaure
D:6:      layout_basic, nicolae_ru_awakened_eye, nicolae_gozag_seed_capital,
          uniq_sigmund

Skill      XL: |  1  2  3  4  5  6  7  8 |
---------------+-------------------------+-----
Fighting       | 2 3 4 |  4.8
Long Blades    | 4 5 6 7 |  7.8
Necromancy     | 1 2 3 4 5 |  5.0
Throwing       | |  1.5
Dodging        | |  3.2

Action                   |  1- 3 |  4- 6 |  7- 9 || total
-------------------------+-------+-------+-------++-------
Melee: Long sword        |   122 |   207 |   107 ||   436
       Bite              |    13 |    35 |    12 ||    60
Throw: Throwing net      |     2 |     1 |       ||     3
       Boomerang         |       |     4 |       ||     4
  Use: Potion            |       |     1 |     4 ||     5
       Scroll            |       |       |     4 ||     4
 Stab: Held in net/web   |       |     1 |       ||     1
Armor: Leather armour    |     5 |       |       ||     5
       Ring mail         |    40 |    73 |    26 ||   139
Dodge: Dodged            |    79 |   124 |    52 ||   255
       Rpst.: Long sword |    20 |    38 |    18 ||    76
